 Dungeon Crawl Stone Soup version 0.28-a0-1087-gf3fc490d9d (webtiles) character file.

Game seed: 2440429571564245157

141 yoda5477 the Skirmisher (level 5, -2/40 HPs)
             Began as a Demonspawn Transmuter on Dec 10, 2021.
             Slain by an ufetubus (4 damage)
             ... on level 5 of the Dungeon.
             The game lasted 00:27:59 (4494 turns).

yoda5477 the Skirmisher (Demonspawn Transmuter)     Turns: 4494, Time: 00:28:00

Health: -2/40      AC:  4    Str: 13    XL:     5   Next: 3%
Magic:  6/8        EV: 12    Int: 14    God:
Gold:   113        SH:  0    Dex: 13    Spells: 5/8 levels left

rFire   . . .      SeeInvis .     - Unarmed
rCold   . . .      Faith    .   (no shield)
rNeg    . . .      Spirit   .   h - +0 leather armour
rPois   .          Reflect  .   (helmet currently unavailable)
rElec   .          Harm     .   (no cloak)
rCorr   .          Rampage  .   (no gloves)
Will    .....                   (boots currently unavailable)
Stlth   +.........              (no amulet)
HPRegen 0.13/turn               (no ring)
MPRegen 0.11/turn               (no ring)

@: confused, appendages (expiring), wereblooded
A: horns 2, talons 2, sharp scales 1, condensation shield
a: End Transformation


You were on level 5 of the Dungeon.
You had temporarily grown beastly horns and talons.
You visited 2 branches of the dungeon, and saw 7 of its levels.

You collected 113 gold pieces.

Inventory:

Missiles
 d - 8 stones
 i - 5 atropa-tipped darts
 j - 55 arrows
 k - 12 bolts
 o - 5 javelins (quivered)
 u - 8 poisoned darts
Armour
 a - a +1 robe
 b - a +0 kite shield
 h - a +0 leather armour (worn)
Magical Staves
 n - a staff of fire
Potions
 f - a potion of cancellation {unknown}
 g - a potion of mutation {unknown}
 m - 2 potions of curing
 q - 2 potions of degeneration
 t - 2 potions of heal wounds {unknown}
 w - a potion of lignification {unknown}


   Skills:
 * Level 2.9 Fighting
 + Level 2.4 Dodging
 * Level 2.5 Stealth
 - Level 2.6 Unarmed Combat
 - Level 2.0 Spellcasting
 + Level 2.4 Transmutations


You had 5 spell levels left.
You knew the following spells:

 Your Spells              Type           Power      Damage    Failure   Level
a - Beastly Appendage     Tmut           16%        N/A       11%         1
b - Wereblood             Tmut           8%         N/A       17%         2

Your spell library contained the following spells:

 Spells                   Type           Power      Damage    Failure   Level
 Spider Form              Tmut/Pois      4%         N/A       50%         3
 Ice Form                 Ice/Tmut       4%         N/A       88%         4


Dungeon Overview and Level Annotations

Branches:
Dungeon (6/15)             Temple (1/1) D:6

Altars:
Cheibriados
Elyvilon
Fedhas
Gozag
Nemelex Xobeh
Okawaru
Trog
Uskayaw
Xom
Yredelemnul
Zin
The Shining One

Shops:
D:3 (

Portals:
Sewer: D:6

Annotations:
D:2 Sigmund
D:3 exclusion: downstairs
D:4 exclusion: necrophage
D:6 Blork the orc, Maggie, Pikel, Prince Ribbit


Innate Abilities, Weirdness & Mutations

You have temporarily grown beastly horns and talons.
You are partially covered in razor-sharp scales. (AC +1, Slay +1)
A meltable shield of frost defends you. (SH +0)


Message History

You hit the orc wizard but do no damage.
Your kick misses the orc wizard.
You headbutt the orc wizard, but do no damage.
The orc closely misses you.
The orc wizard hits you with a +0 dagger.
The ufetubus misses you. The ufetubus closely misses you.
You hit the orc wizard. Your headbutt misses the orc wizard.
The orc wizard is lightly wounded.
The ufetubus closely misses you. x2; The orc misses you.
The orc wizard closely misses you.
You hit the orc wizard. Your kick misses the orc wizard.
Your headbutt misses the orc wizard.
The orc wizard is heavily wounded.
The ufetubus misses you. The ufetubus hits you.
The orc hits you with a +0 short sword. The orc wizard closely misses you.
The ufetubus closely misses you. The ufetubus barely misses you.
You closely miss the orc wizard. Your headbutt misses the orc wizard.
The orc wizard is heavily wounded.
The ufetubus closely misses you. The ufetubus barely misses you.
The orc hits you with a +0 short sword.
* * * LOW HITPOINT WARNING * * *
The orc wizard points at you and mumbles some strange words.
You are confused.
You bump into the rock wall.
The ufetubus barely misses you. x2
The orc barely misses you. The orc wizard closely misses you.
The ufetubus hits you but does no damage.
The ufetubus hits you.
* * * LOW HITPOINT WARNING * * *
You bump into the rock wall.
The ufetubus hits you.
* * * LOW HITPOINT WARNING * * *
The ufetubus misses you. The orc closely misses you.
The orc wizard hits you but does no damage.
You bump into the rock wall.
Your transformation is almost over.
The ufetubus barely misses you. The ufetubus closely misses you.
The orc hits you with a +0 short sword.
* * * LOW HITPOINT WARNING * * *
The orc wizard hits you but does no damage.
The ufetubus closely misses you. The ufetubus hits you.
You die...

##. .. ..
.. .... .#.
.. ##.. #..
#{. ....
#5##....
##@#.....
##o#oo....#
#....###..#
#.>.##
#.### #.#
## .. ..


You could see an orc wizard, 2 orcs and an ufetubus.

Vanquished Creatures
  3 adders
  3 gnolls (D:2)
  An adder skeleton (D:4)
  A worm (D:3)
  4 dart slugs
  5 orcs
  4 endoplasms
  3 giant cockroaches
  8 hobgoblins
  2 jackals (D:1)
  3 quokkas
  4 ball pythons
  A bat (D:2)
  2 frilled lizards
  8 goblins
  5 kobolds
  6 rats
63 creatures vanquished.

Notes
Turn   | Place    | Note
-------+----------+-------------------------------------------
     0 | D:1      | yoda5477 the Demonspawn Transmuter began the quest for the
                  | Orb.
     0 | D:1      | Reached XP level 1. HP: 15/15 MP: 3/3
   259 | D:1      | Gained mutation: A meltable shield of frost defends you.
                  | (SH +0) [demonic ancestry]
   259 | D:1      | Reached XP level 2. HP: 20/21 MP: 1/5
   342 | D:1      | Reached skill level 1 in Stealth
   789 | D:2      | Reached XP level 3. HP: 24/27 MP: 4/6
  1000 | D:2      | Found a faded altar of an unknown god.
  1029 | D:2      | Noticed Sigmund
  1299 | D:2      | Gained mutation: You are partially covered in razor-sharp
                  | scales. (AC +1, Slay +1) [demonic ancestry]
  1299 | D:2      | Reached XP level 4. HP: 28/34 MP: 5/7
  1963 | D:4      | Noticed a scorpion
  2072 | D:3      | Found Sufips's Antique Weapon Shop.
  2395 | D:3      | Found a snail-covered altar of Cheibriados.
  2842 | D:3      | Found a shimmering altar of Xom.
  3011 | D:4      | Noticed a necrophage
  3129 | D:5      | Entered Level 5 of the Dungeon
  3564 | D:4      | Learned a level 2 spell: Wereblood
  3761 | D:4      | Reached XP level 5. HP: 40/40 MP: 6/8
  3835 | D:4      | You fall into a shaft and drop 2 floors!
  3835 | D:6      | Noticed Pikel
  3835 | D:6      | Noticed a lemure
  3835 | D:6      | Noticed a lemure
  3835 | D:6      | Noticed a lemure
  3835 | D:6      | Noticed a lemure
  3847 | D:6      | Noticed an ice beast
  3851 | D:6      | Noticed Prince Ribbit
  3868 | D:6      | Noticed a black bear
  3885 | D:6      | Noticed Blork the orc
  3929 | D:6      | Found a glowing drain.
  3938 | D:6      | Found an opulent altar of Gozag.
  3939 | D:6      | Noticed Maggie
  3962 | D:6      | Found a staircase to the Ecumenical Temple.
  3968 | Temple   | Entered the Ecumenical Temple
  4494 | D:5      | HP: 2/40 [orc (5)]
  4494 | D:5      | Slain by an ufetubus

Illustrated notes

Levels and vault maps discovered:
D:1:      saegor_arrival_miasma, layout_rooms
D:2:      layout_basic, basic_ecumenical_altar, minmay_split_cup_small,
          uniq_sigmund
D:3:      layout_loops_ring, mainiacjoe_overflow_catwalk, tgw_xom, serial_shops,
          nicolae_square_shop, roderic_lattice_a
D:4:      layout_loops_ring
D:5:      layout_layer_cave, marbit_many_paths, kiku_gazebo_garden_becter,
          uniq_ijyb
D:6:      layout_rooms, lemuel_doored_altar, mainiacjoe_overflow_paths,
          minmay_temple_entry_hall, portal_sewer_entry_a, uniq_blork_the_orc,
          uniq_maggie, uniq_pikel, uniq_prince_ribbit1
Temple:   jpeg_temple_island

Skill      XL: |  1  2  3  4 |
---------------+-------------+-----
Dodging        | 2 |  2.4
Stealth        | 1 2 |  2.5
Transmutations | 2 |  2.4
Fighting       | 2 |  2.9
Unarmed Combat | |  2.6
Spellcasting   | |  2.0

Action                   |  1- 3 |  4- 6 || total
-------------------------+-------+-------++-------
Melee: Unarmed           |    92 |    70 ||   162
       Kick              |    22 |    18 ||    40
       Headbutt          |    10 |    11 ||    21
       Punch             |     2 |       ||     2
Throw: Javelin           |     1 |       ||     1
 Cast: Beastly Appendage |    25 |    24 ||    49
       Wereblood         |       |     1 ||     1
  Use: Scroll            |       |    11 ||    11
       Potion            |       |     2 ||     2
 Stab: Sleeping          |       |     2 ||     2
Armor: Robe              |    10 |     6 ||    16
       Leather armour    |       |    14 ||    14
Dodge: Dodged            |    43 |    70 ||   113
Block: Other             |     8 |    15 ||    23

Table legend: (Time is in decaauts)
 A = Elapsed time spent in this place.
 B = Non-inter-level travel time spent in this place.
 C = Inter-level travel time spent in this place.
 D = Time resting spent in this place.
 E = Time spent auto-exploring this place.
 F = Levels seen in this place.
 G = Mean time per level.
                   A        B        C        D        E       F      G
               +--------+--------+--------+--------+--------+-----+--------+
         Total |   4501 |   4318 |    183 |    978 |   1629 |   7 |  643.0 |
       Dungeon |   4001 |   3842 |    159 |    748 |   1395 |   6 |  666.8 |
        Temple |    500 |    476 |     24 |    230 |    234 |   1 |  500.0 |
               +--------+--------+--------+--------+--------+-----+--------+

Top non-repeatable levels by time:
     D:3: 1159 daAuts
     D:2: 995 daAuts
     D:1: 920 daAuts
     D:4: 759 daAuts
  Temple: 500 daAuts
     D:6: 144 daAuts
     D:5: 22 daAuts
